AoeStats
← lahwy

Arabia

510329574Analyzed
2v2 RM · 19h ago on Sep 30, 2026· 130m 56s· 4 players
Game mode
Random Map
Map size
Medium (4 player)
Population
200
Speed
Normal
Resources
Standard
Victory
Conquest
Starting age
Dark Age
Ending age
Imperial Age
RankedLock teamsTeams togetherTeam positionsShared explorationLock speedFull tech treeHidden civsTurbo modeCheats
Victory
Defeat
🇨🇿 Vikings · Czechia
706
+19
🇨🇿 Armenians · Czechia
698
+19
🇸🇰 Bohemians · Slovakia
763
-19
🇸🇰 Chinese · Slovakia
763
-19
lahwy
0:35 Loom
11:08 Feudal Age
13:33 Double-Bit Axe
14:37 Horse Collar
21:14 Castle Age
19:32 Fletching
19:49 Padded Archer Armor
20:00 Gold Mining
21:21 Arson
22:40 Squires
22:42 Crossbowman
24:12 Bodkin Arrow
26:39 Bow Saw
26:33 Heavy Plow
28:49 Elite Skirmisher
37:11 Imperial Age
34:51 Town Watch
35:00 Stone Mining
37:51 Town Patrol
40:03 Ballistics
40:43 Chemistry
40:38 Masonry
41:15 Gold Shaft Mining
43:38 Two-Man Saw
43:12 Crop Rotation
42:56 Chieftains
43:18 Arbalester
44:28 Pikeman
45:17 Bracer
46:21 Cavalier
46:23 Light Cavalry
47:12 Scale Barding Armor
47:18 Forging
47:26 Leather Archer Armor
47:11 Scale Mail Armor
48:22 Architecture
47:57 Siege Engineers
49:12 Chain Barding Armor
49:28 Iron Casting
49:18 Bogsveigar
49:41 Conscription
53:40 Chain Mail Armor
54:28 Blast Furnace
58:30 Heavy Scorpion
68:50 Elite Berserk
71:43 Chain Mail Armor
82:05 Plate Mail Armor
120:16 Man-at-Arms
LangyMeister
7:27 Loom
11:06 Feudal Age
11:39 Double-Bit Axe
11:53 Gold Mining
12:21 Horse Collar
14:56 Stone Mining
21:59 Castle Age
30:31 Bow Saw
32:02 Fletching
32:13 Padded Archer Armor
38:50 Imperial Age
37:56 Gold Shaft Mining
41:03 Bodkin Arrow
41:23 Leather Archer Armor
41:50 Bracer
41:13 Elite Composite Bowman
49:04 Cavalier
49:45 Husbandry
51:10 Forging
52:21 Scale Barding Armor
53:45 Bloodlines
59:17 Onager
Dr. Radko
5:00 Loom
9:57 Feudal Age
11:14 Horse Collar
11:56 Double-Bit Axe
19:26 Castle Age
19:04 Fletching
19:15 Padded Archer Armor
20:53 Bodkin Arrow
22:07 Leather Archer Armor
23:25 Ballistics
23:02 Murder Holes
34:47 Imperial Age
33:15 Town Watch
34:06 Wheelbarrow
33:44 Bow Saw
34:57 Chemistry
39:47 Houfnice
45:14 Elite Hussite Wagon
48:58 Ring Archer Armor
48:28 Bracer
50:12 Masonry
50:09 Siege Engineers
50:19 Forging
51:37 Two-Man Saw
55:24 Hussite Reforms
55:25 Wagenburg Tactics
66:43 Iron Casting
66:13 Scale Barding Armor
samcút_NT
5:22 Loom
8:33 Loom
11:00 Feudal Age
9:18 Loom
12:16 Double-Bit Axe
12:12 Horse Collar
17:45 Gold Mining
18:21 Stone Mining
22:41 Castle Age
21:10 Stone Mining
23:29 Husbandry
24:29 Bloodlines
52:10 Wheelbarrow
56:37 Imperial Age
55:12 Ballistics
Connection lost

Rejoining the realm…

Still unreachable

The connection could not be restored.

Session expired

The server has moved on; the page needs a fresh start.